 Dungeon Crawl Stone Soup version 0.31-a0-1539-g569d6c7dce (webtiles) character file.

Game seed: 12727928410796550787

295518 Flugslaktarn the Slayer (level 20, -2/205 HPs)
             Began as a Minotaur Fighter on Jan 1, 2024.
             Was an Elder of Cheibriados.
             Slain by a tentacled monstrosity (8 damage)
             ... on level 5 of the Vaults.
             The game lasted 00:20:01 (32582 turns).

Flugslaktarn the Slayer (Minotaur Fighter)         Turns: 32582, Time: 00:20:02

Health: -2/205     AC: 35    Str: 40    XL:     20   Next: 6%
Magic:  28/28      EV: 18    Int: 18    God:    Cheibriados [****..]
Gold:   3334       SH:  0    Dex: 20    Spells: 19/19 levels left

rFire   + + .        M - +5 broad axe (heavy)
rCold   + . .        L - +0 tower shield
rNeg    + . .        Y - +4 plate armour {rPois}
rPois   +            x - +2 hat {Int+3}
rElec   .            X - scarf {rC+ rF+}
rCorr   .            s - +2 pair of gloves
SInv    +            o - +2 pair of boots
Will    +....        (no amulet) Stlth
                     p - +4 ring of protection
HPRegen 0.54/turn    W - ring of Reimbursement {rF+ rN+ Stlth+}
MPRegen 0.21/turn

%: no passive effects
@: confused, ambrosia-drunk, marked, very slow
A: horns 2, retaliatory headbutt, claws 1, see invisible
}: 2/15 runes: decaying, gossamer
a: Renounce Religion, Bend Time, Temporal Distortion, Slouch


You were on level 5 of the Vaults.
You worshipped Cheibriados.
Cheibriados was greatly pleased with you.
You visited 6 branches of the dungeon, and saw 35 of its levels.
You visited the Abyss 1 time.
You also visited: Ice Cave.

You collected 3885 gold pieces.
You spent 551 gold pieces at shops.

Inventory:

Hand Weapons
 M - a +5 heavy broad axe (weapon)
   (You took it off a death knight on level 12 of the Dungeon)
Missiles
 H - 2 throwing nets
Armour
 o - a +2 pair of boots (worn)
   (You found it on level 3 of the Dungeon)
 s - a +2 pair of gloves (worn)
   (You found it on level 7 of the Dungeon)
 x - a +2 hat of intelligence (worn)
   (You took it off Gastronok on level 8 of the Dungeon)
 L - a +0 tower shield (worn)
   (You took it off a naga warrior on level 2 of the Abyss)
 X - a scarf of resistance (worn)
   (You found it on level 4 of the Lair of Beasts)
 Y - a +4 plate armour of poison resistance (worn)
   (You took it off Donald on level 4 of the Swamp)
Jewellery
 b - a ring of flight
   (You took it off a gnoll on level 6 of the Dungeon)
 c - a ring of protection from cold
   (You found it on level 4 of the Spider Nest)
 k - a ring of resist corrosion
   (You found it on level 8 of the Dungeon)
 p - a +4 ring of protection (left hand)
   (You found it on level 3 of the Dungeon)
 W - the ring of Reimbursement (right hand) {rF+ rN+ Stlth+}
   (You found it in an ice cave)

   [ring of positive energy]

   rF+:       It protects you from fire.
   rN+:       It protects you from negative energy.
   Stlth+:    It makes you more stealthy.
Wands
 g - a wand of digging (8)
   (You found it on level 8 of the Dungeon)
 A - a wand of mindburst (19)
   (You took it off Ijyb on level 5 of the Dungeon)
 G - a wand of paralysis (44)
   (You found it on level 9 of the Dungeon)
 K - a wand of acid (56)
   (You took it off a centaur on level 9 of the Dungeon)
 Q - a wand of roots (32)
   (You found it on level 1 of the Lair of Beasts)
Scrolls
 f - 7 scrolls of immolation
 i - 4 scrolls of revelation
 r - 4 scrolls of identify
 t - 6 scrolls of teleportation
 u - 3 scrolls of fear
 z - 3 scrolls of blinking
 J - 2 scrolls of fog
 N - 2 scrolls of enchant armour
 R - 5 scrolls of vulnerability
Potions
 d - 2 potions of might
 l - 3 potions of berserk rage
 m - 6 potions of lignification
 n - 4 potions of resistance
 E - 3 potions of enlightenment
 F - 3 potions of invisibility
 I - 2 potions of magic
 U - 7 potions of mutation
 V - 3 potions of ambrosia
Miscellaneous
 C - a tin of tremorstones (2/2)
   (You found it on level 12 of the Dungeon)
 P - a sack of spiders (inert)
   (You found it on level 12 of the Dungeon)
 T - a phantom mirror
   (You found it on level 4 of the Lair of Beasts)


   Skills:
 * Level 23.6 Fighting
 + Level 19.6 Axes
 + Level 17.6 Armour
 + Level 14.4 Dodging
 - Level 18.2 Shields
 - Level 12.0 Invocations


You had 19 spell levels left.
You didn't know any spells.
Your spell library contained the following spells:

 Spells                   Type           Power      Damage    Failure   Level
 Apportation              Tloc           0%         N/A       73%         1
 Magic Dart               Conj           0%         1d3       73%         1
 Necrotise                Necr           0%         1d4       73%         1
 Shock                    Conj/Air       0%         1d3       73%         1
 Sting                    Conj/Alch      0%         1d3       73%         1
 Summon Small Mammal      Summ           0%         N/A       73%         1
 Blink                    Tloc           0%         N/A       86%         2
 Call Imp                 Summ           0%         N/A       86%         2
 Ensorcelled Hibernation  Hex/Ice        0%         N/A       86%         2
 Static Discharge         Conj/Air       0%         3-3/arc   86%         2
 Hailstorm                Conj/Ice       0%         3d5       97%         3
 Inner Flame              Hex/Fire       0%         N/A       97%         3
 Passwall                 Erth           0%         N/A       97%         3
 Summon Ice Beast         Ice/Summ       0%         N/A       97%         3
 Swiftness                Air            0%         N/A       97%         3
 Tukima's Dance           Hex            0%         N/A       97%         3
 Volatile Blastmotes      Fire/Tloc      0%         2d10      97%         3
 Airstrike                Air            0%         2d(0-16)  100%        4
 Animate Dead             Necr           0%         N/A       100%        4
 Fulminant Prism          Conj/Alch      0%         3d5       100%        4
 Iskenderun's Mystic Bla  Conj/Tloc      0%         2d3       100%        4
 Leda's Liquefaction      Alch/Erth      0%         N/A       100%        4
 Passage of Golubria      Tloc           0%         N/A       100%        4
 Summon Lightning Spire   Summ/Air       0%         N/A       100%        4
 Irradiate                Conj/Alch      0%         3d11      100%        5
 Iskenderun's Battlesphe  Conj           0%         2d6       100%        5
 Lee's Rapid Deconstruct  Erth           0%         3d4*      100%        5
 Summon Mana Viper        Hex/Summ       0%         N/A       100%        5
 Yara's Violent Unravell  Hex/Alch       0%         3d3       100%        5
 Bombard                  Conj/Erth      0%         9d1       100%        6
 Sculpt Simulacrum        Ice/Alch       0%         N/A       100%        6
 Haunt                    Necr/Summ      0%         N/A       100%        7
 Monstrous Menagerie      Summ           0%         N/A       100%        7
 Spellforged Servitor     Conj/Summ      0%         N/A       100%        7
 Ignition                 Fire           0%         3d3       100%        8
 Infestation              Necr           0%         N/A       100%        8
 Chain Lightning          Conj/Air       0%         N/A       100%        9
 Fire Storm               Conj/Fire      0%         5d1       100%        9
 Shatter                  Erth           0%         3d5*      100%        9


Dungeon Overview and Level Annotations

Branches:
Dungeon (15/15)            Temple (0/1) D:6            Lair (5/5) D:8
  Swamp (4/4) Lair:3       Spider (4/4) Lair:2        Slime (0/5) Lair:4
    Orc (2/2) D:10            Elf (0/3) Orc:2        Vaults (5/5) D:13
  Crypt (0/3) Vaults:2     Depths (0/4) D:15          IceCv (visited)

Altars:
Cheibriados
Makhleb
Xom
The Shining One

Shops:
Orc:2 [((((=

Annotations:
Lair:2 exclusion: oklob plant
Lair:3 2 transporters


Innate Abilities, Weirdness & Mutations

You have a pair of horns on your head.
You reflexively headbutt those who attack you in melee.
You have sharp fingernails.
You have supernaturally acute eyesight. (SInv)


Message History

The tengu reaver gestures at you while chanting.
The bolt of fire hits you! You resist.
* * * LOW HITPOINT WARNING * * *
You can feel time thicken for a moment.
You destroy the phantasmal warrior!
Cheibriados appreciates the change of pace.
You kill the tengu reaver!
Cheibriados appreciates the change of pace.
You can no longer step out of the flow of time.
Cheibriados lowers the support of your attributes as your movement quickens.
You start resting.
A vault guard is nearby!
A vault guard is nearby!
The ettin shouts in stereo!
You block the ettin's attack. The ettin hits you but does no damage.
You block the ettin's attack. x3; The ettin hits you but does no damage.
You hit the ettin but do no damage.
The vault sentinel gestures at you while chanting.
You barely resist. The ettin misses you. You furiously retaliate!
You headbutt the ettin! You block the ettin's attack.
You slice the ettin!!
You headbutt the ettin, but do no damage.
The ettin is severely wounded.
The vault sentinel gestures at you while chanting.
A sentinel's mark forms upon you.
You chop the ettin into pieces!!!
You kill the ettin!
Cheibriados appreciates the change of pace.
You closely miss the vault guard.
The vault guard hits you but does no damage.
A glowing orange brain comes into view.
You slice the vault guard!! You headbutt the vault guard!!
The vault guard is almost dead.
You block the vault guard's attack.
You slice the vault guard like a ripe choko!!!!
You kill the vault guard!
Cheibriados appreciates the change of pace.
The glowing orange brain changes into an alligator!
A war gargoyle comes into view. It is wielding a +0 antimagic lajatang.
The alligator changes into a scorpion!
The stone giant throws a large rock.
The large rock hits you!!
* * * LOW HITPOINT WARNING * * *
You block the vault sentinel's attack.
Unknown command.
You open the vault sentinel like a pillowcase!!!!
You kill the vault sentinel!
Cheibriados appreciates the change of pace.
The war gargoyle launches metal splinters at you.
The spray of metal splinters misses you.
Unknown command.
You carve the war gargoyle like a ham!!!
You destroy the war gargoyle!
Cheibriados appreciates the change of pace.
You hit the scorpion but do no damage.
The stone giant throws a large rock.
You block the large rock. The scorpion barely misses you.
Unknown command.
You carve the scorpion like a ham!!!
You kill the scorpion!
Cheibriados appreciates the change of pace.
Unknown command.
As you read the scroll of teleportation, it crumbles to dust.
You feel strangely unstable.
You feel better.
The vault guard hits you with a +0 war axe!
* * * LOW HITPOINT WARNING * * *
You are confused.
You feel invigorated. The vault guard misses you.
The vault guard hits you but does no damage.
Unknown command.
You're too confused to move!
You feel your willpower return.
An orc comes into view.
It is wielding a +0 club and carrying a wand of flame.
An ettin comes into view. It is wielding two +0 dire flails.
The stone giant completely misses you.
The vault guard hits you with a +0 war axe!
* * * LOW HITPOINT WARNING * * *
The vault guard hits you with a +0 glaive.
* * * LOW HITPOINT WARNING * * *
Unknown command.
Your surroundings suddenly seem different.
A tentacled monstrosity and a sun moth come into view.
Unknown command.
You are too confused!
Okay, then.
The fire giant points at you and mumbles some strange words.
The bolt of fire misses you.
A vault warden comes into view. It is wielding a +2 battleaxe.
An ironbound convoker comes into view. It is wielding a +0 great mace.
Unknown command.
The fire giant attacks as it pursues you!
The fire giant hits you with a +1 great sword of flaming!
* * * LOW HITPOINT WARNING * * *
The fire giant burns you.
* * * LOW HITPOINT WARNING * * *
The vault warden unwields a +2 battleaxe.
The vault warden wields a +0 arbalest.
The vault warden shoots a bolt.
The bolt hits you!
* * * LOW HITPOINT WARNING * * *
The tentacled monstrosity tentacle-slaps you!
You die...

################
................
................
############...C@...###
.p)p........Qy..X.p..p..
.#.#)#.#.#.#.#....#.....
$C...........#....# .###
.##o.##.##.#.#....# #
.##.)##.##...#....#
=...(.$)...#.#....#
.##.[##.##...#....#
.##..##.# .#.#....#


You could see a tentacled monstrosity, a fire giant, a vault warden, a tengu
reaver (repels missiles), a sun moth and an ironbound convoker.

Vanquished Creatures
  the Lernaean hydra (Swamp:4)
  Saint Roka (Orc:2)
  A bone dragon (Abyss:2)
  2 tentacled monstrosities (Vaults:5)
  Jorgrun (Orc:2)
  A titan (Vaults:5)
  2 sphinxes (D:13)
  An ancient champion (Vaults:2)
  Gastronok (D:8)
  A storm dragon (Vaults:5)
  3 tengu reavers
  A shadow dragon (Vaults:5)
  A thorn hunter (Swamp:2)
  Donald (Swamp:4)
  A fire giant (D:13)
  2 fenstrider witches
  7 vault wardens
  An iron dragon (Vaults:5)
  4 emperor scorpions (Spider:4)
  3 ghost moths (Spider:4)
  A curse skull (Vaults:2)
  5 orc warlords
  5 stone giants
  A very ugly thing (Vaults:5)
  8 ironbound preservers
  A broodmother (Spider:1)
  2 ironbound thunderhulks
  5 eleionomae
  4 dire elephants
  3 spark wasps (Spider:4)
  4 bunyips
  3 war gargoyles (Vaults:5)
  2 green deaths (Swamp:4)
  An ettin (Vaults:5)
  3 entropy weavers
  2 shambling mangroves (Swamp:3)
  4 great orbs of eyes
  6 vault guards
  8 yaktaur captains
  Josephine (Swamp:1)
  An ogre mage (D:15)
  8 hydras
  A hell beast (Swamp:4)
  3 catoblepae
  A spriggan air mage (Swamp:3)
  A peacekeeper (Vaults:2)
  A jorogumo (Spider:2)
  A ghost crab (Swamp:2)
  Erica (Lair:1)
  3 death knights
  9 alligators
  3 ironbound frosthearts
  9 centaur warriors
  16 two-headed ogres
  7 boulder beetles
  2 tengu warriors
  3 radroaches
  15 death yaks
  A naga warrior (Abyss:2)
  A deep troll earth mage (D:12)
  A deep troll shaman (Lair:5)
  7 thrashing horrors
  2 vampire magi (Vaults:2)
  An orc high priest (Orc:2)
  13 demonic crawlers
  4 skeletal warriors
  A skyshark (Lair:3)
  A glowing orange brain (Vaults:3)
  Lodul (D:13)
  5 goliath frogs
  A sixfirhy (Abyss:2)
  3 pharaoh ants (Spider:4)
  2 wretched stars (Abyss:2)
  9 bog bodies
  2 spriggan druids
  15 orb spiders
  19 deep trolls
  6 arcanists
  A sun moth (Spider:1)
  3 phantasmal warriors (Vaults:5)
  Pikel (D:4)
  9 ironbound convokers
  5 swamp dragons
  5 necromancers
  4 deep elf pyromancers
  5 orc knights
  4 lindwurms
  2 deep elf archers (D:9)
  10 steelbarb worms
  21 wolf spiders
  10 cyclopes
  2 will-o-the-wisps (Swamp:3)
  3 orc sorcerers
  24 ugly things
  3 moths of wrath
  4 manticores
  8 elephants
  Maurice (Orc:2)
  3 meliai (D:13)
  3 black mambas
  4 vault sentinels
  2 elf zombies (Vaults:2)
  A guardian serpent (Abyss:2)
  An ice statue (IceCv)
  2 human skeletons (Vaults:2)
  A large abomination (Swamp:4)
  5 torpor snails
  3 gargoyles
  2 orange demons (Swamp:4)
  A centaur skeleton (Abyss:2)
  A yaktaur zombie (Vaults:2)
  A smoke demon (Abyss:2)
  5 rime drakes
  7 cane toads
  2 unseen horrors (D:12)
  11 ice devils (IceCv)
  7 komodo dragons
  11 yaktaurs
  6 kobold demonologists
  A queen bee (shapeshifter) (D:14)
  2 ancient zymes (Abyss:2)
  3 anaconda simulacra (IceCv)
  A tengu conjurer (D:15)
  6 freezing wraiths
  7 trolls
  5 polar bears
  Grinder (D:3)
  7 tyrant leeches
  11 dream sheep
  16 hornets
  28 tarantellas
  11 blink frogs
  A raiju (shapeshifter) (D:9)
  30 slime creatures
  21 culicivoras
  20 jumping spiders
  6 wraiths
  An ettin zombie (Vaults:3)
  A dire elephant simulacrum (IceCv)
  Sigmund (D:3)
  7 shadows
  Eustachio (D:5)
  8 spriggans
  A ynoxinul (Abyss:2)
  A yak (shapeshifter) (D:14)
  2 water elementals (D:13)
  A vampire (D:10)
  5 wyverns
  Grum (D:8)
  6 basilisks
  3 wargs
  44 yaks
  A death yak simulacrum (IceCv)
  73 redbacks
  2 steam dragons
  2 small abominations (Abyss:2)
  26 vampire mosquitoes
  2 harpy simulacra (IceCv)
  A naga (Abyss:2)
  12 swamp worms
  14 water moccasins
  2 hydra simulacra (IceCv)
  A meliai simulacrum (D:14)
  5 ice beasts
  34 orc warriors
  A sky beast (D:8)
  A sky beast (shapeshifter) (D:15)
  3 black bears
  3 swamp drakes (Swamp:1)
  18 wolves
  A boggart (D:9)
  23 ogres
  12 centaurs
  3 lemures (D:4)
  10 kobold brigands
  Blork the orc (D:4)
  A brain worm (Abyss:2)
  3 gnoll sergeants
  9 scorpions
  14 bullfrogs
  8 cane toad simulacra (IceCv)
  A scorpion (shapeshifter) (Vaults:5)
  A two-headed ogre simulacrum (IceCv)
  A wight (D:9)
  11 killer bees
  2 elephant simulacra (IceCv)
  5 howler monkeys
  10 electric eels
  4 lava snakes (Lair:1)
  2 bombardier beetles
  A hound (D:4)
  14 jellies (Lair:4)
  Crazy Yiuf (D:3)
  2 gnoll boudas
  26 orc priests
  An iron imp (Abyss:2)
  9 starcursed masses (Abyss:2)
  Jessica (D:3)
  A sleepcap (D:5)
  Ijyb (D:5)
  3 iguanas
  30 orc wizards
  7 hell rats (Lair:3)
  5 polar bear simulacra (IceCv)
  2 spriggan simulacra (IceCv)
  A troll simulacrum (IceCv)
  3 wolf simulacra (IceCv)
  Robin (D:4)
  3 adders
  16 gnolls
  A naga simulacrum (IceCv)
  A shadow imp (D:8)
  A white imp (Abyss:2)
  5 ufetubi
  6 dart slugs
  5 ribbon worms
  126 orcs
  6 ball pythons
  7 bats
  7 endoplasms
  3 giant cockroaches
  14 goblins
  14 hobgoblins
  4 jackals (D:2)
  3 quokkas
  4 frilled lizards
  21 kobolds
  4 rats
1432 creatures vanquished.

Vanquished Creatures (others)
  An eleionoma (Swamp:2)
  An ironbound thunderhulk (Vaults:5)
  A hydra (Swamp:2)
  An orb spider (Spider:2)
  A will-o-the-wisp (Swamp:2)
  A bloated husk (Swamp:2)
  17 foxfires
23 creatures vanquished.

Grand Total: 1455 creatures vanquished

Notes
Turn   | Place    | Note
-------+----------+-------------------------------------------
     0 | D:1      | Flugslaktarn the Minotaur Fighter began the quest for the
                  | Orb.
     0 | D:1      | Reached XP level 1. HP: 19/19 MP: 0/0
   144 | D:1      | Reached XP level 2. HP: 27/27 MP: 1/1
   266 | D:1      | Reached skill level 4 in Fighting
   339 | D:1      | Reached XP level 3. HP: 12/33 MP: 2/2
   894 | D:2      | Reached XP level 4. HP: 41/41 MP: 3/3
  1565 | D:3      | Noticed Sigmund
  1665 | D:3      | Killed Sigmund
  1666 | D:3      | Reached skill level 5 in Fighting
  1666 | D:3      | Reached skill level 5 in Axes
  1666 | D:3      | Reached XP level 5. HP: 38/50 MP: 4/4
  1734 | D:3      | Noticed Grinder
  1752 | D:3      | Paralysed by Grinder for 3 turns
  1758 | D:3      | Paralysed by Grinder for 4 turns
  1768 | D:3      | Killed Grinder
  1769 | D:3      | Reached skill level 6 in Fighting
  1769 | D:3      | Reached skill level 5 in Armour
  1769 | D:3      | Reached XP level 6. HP: 15/58 MP: 5/5
  1961 | D:3      | Found a snail-covered altar of Cheibriados.
  2062 | D:3      | Became a worshipper of Cheibriados the Contemplative
  2306 | D:3      | Noticed Jessica
  2309 | D:3      | Killed Jessica
  2310 | D:3      | Reached XP level 7. HP: 64/64 MP: 6/6
  2439 | D:3      | Found a runed translucent door.
  2440 | D:3      | Noticed Crazy Yiuf
  2447 | D:3      | Killed Crazy Yiuf
  2555 | D:4      | Reached * piety under Cheibriados
  2700 | D:4      | Reached skill level 1 in Invocations
  2711 | D:4      | Reached skill level 7 in Fighting
  2849 | D:4      | Noticed Pikel
  2849 | D:4      | Noticed Blork the orc
  2853 | D:4      | Killed Pikel
  2854 | D:4      | Reached skill level 8 in Fighting
  2854 | D:4      | Reached XP level 8. HP: 74/74 MP: 6/8
  2860 | D:4      | Killed Blork the orc
  3155 | D:4      | Noticed Robin
  3158 | D:4      | Reached ** piety under Cheibriados
  3164 | D:4      | Killed Robin
  3606 | D:5      | Entered Level 5 of the Dungeon
  3784 | D:5      | Noticed Eustachio
  3802 | D:5      | Killed Eustachio
  3803 | D:5      | Reached skill level 9 in Fighting
  3924 | D:5      | Noticed Ijyb
  3942 | D:5      | Killed Ijyb
  4175 | D:5      | Reached XP level 9. HP: 83/83 MP: 10/10
  4180 | D:5      | Reached *** piety under Cheibriados
  4525 | D:6      | Identified the orb "Hoappun" {mayhem, Will- MP+9 Slay-2
                  | Conj}
  4711 | D:6      | Reached skill level 10 in Fighting
  4780 | D:6      | Found a staircase to the Ecumenical Temple.
  5016 | D:7      | Noticed a troll
  5026 | D:7      | Killed a troll
  5201 | D:7      | Reached skill level 10 in Axes
  5295 | D:7      | Reached **** piety under Cheibriados
  5302 | D:7      | Reached XP level 10. HP: 70/94 MP: 12/12
  5485 | D:7      | Reached skill level 11 in Fighting
  5527 | D:7      | Noticed a deep elf pyromancer
  5532 | D:7      | Killed a deep elf pyromancer
  5533 | D:7      | Reached skill level 5 in Invocations
  5675 | D:7      | Noticed a two-headed ogre
  5684 | D:7      | Killed a two-headed ogre
  5993 | D:7      | Gained mutation: You have supernaturally acute eyesight.
                  | (SInv) [potion of mutation]
  5993 | D:7      | Gained mutation: You are frail. (-10% HP) [potion of
                  | mutation]
  5993 | D:7      | Gained mutation: You are partially covered in iridescent
                  | scales. (AC +2) [potion of mutation]
  5995 | D:7      | Lost mutation: You are frail. (-10% HP) [potion of
                  | mutation]
  5995 | D:7      | Lost mutation: You are partially covered in iridescent
                  | scales. (AC +2) [potion of mutation]
  5995 | D:7      | Gained mutation: You have sharp fingernails. [potion of
                  | mutation]
  6273 | D:8      | Reached skill level 1 in Dodging
  6334 | D:8      | Found a staircase to the Lair.
  6374 | D:8      | Reached skill level 12 in Fighting
  6390 | D:8      | Found a burning altar of Makhleb.
  6581 | D:8      | Noticed Gastronok
  6599 | D:8      | Killed Gastronok
  6791 | D:8      | Noticed Grum
  6798 | D:8      | Killed Grum
  6802 | D:8      | Reached XP level 11. HP: 100/105 MP: 14/14
  7441 | D:9      | Noticed a two-headed ogre
  7443 | D:9      | Reached ***** piety under Cheibriados
  7447 | D:9      | Killed a two-headed ogre
  7463 | D:9      | Noticed a white ugly thing
  7466 | D:9      | Noticed a tengu warrior
  7469 | D:9      | Noticed a centaur warrior
  7471 | D:9      | Killed a white ugly thing
  7473 | D:9      | Noticed a deep elf archer
  7473 | D:9      | Noticed a deep elf archer
  7477 | D:9      | Noticed a two-headed ogre
  7480 | D:9      | Noticed a two-headed ogre
  7482 | D:9      | Killed a centaur warrior
  7483 | D:9      | Killed a tengu warrior
  7484 | D:9      | Reached skill level 13 in Fighting
  7486 | D:9      | Killed a two-headed ogre
  7654 | D:9      | Killed a two-headed ogre
  7984 | D:9      | Killed a deep elf archer
  8169 | D:9      | Killed a deep elf archer
  8170 | D:9      | Reached skill level 10 in Armour
  8325 | D:9      | Noticed a two-headed ogre
  8331 | D:9      | Killed a two-headed ogre
  8374 | D:9      | Noticed a boulder beetle
  8383 | D:9      | Killed a boulder beetle
  8400 | D:9      | Noticed a centaur warrior
  8408 | D:9      | Reached skill level 5 in Dodging
  8408 | D:9      | Reached XP level 12. HP: 111/116 MP: 16/16
  8412 | D:9      | Killed a centaur warrior
  8503 | D:9      | Noticed a two-headed ogre
  8514 | D:9      | Killed a two-headed ogre
  8515 | D:9      | Reached skill level 14 in Fighting
  9071 | D:9      | Noticed a centaur warrior
  9078 | D:9      | Killed a centaur warrior
  9343 | D:10     | Entered Level 10 of the Dungeon
  9375 | D:10     | Noticed a two-headed ogre
  9384 | D:10     | Killed a two-headed ogre
  9492 | D:10     | Found a staircase to the Orcish Mines.
  9534 | D:10     | Reached ****** piety under Cheibriados
  9630 | D:10     | Noticed a two-headed ogre
  9640 | D:10     | Killed a two-headed ogre
  9668 | D:10     | Noticed a two-headed ogre
  9677 | D:10     | Killed a two-headed ogre
  9779 | D:10     | Identified the +1 short sword "Furep" {freeze, rF+ rN+
                  | Will+ Int-3}
  9964 | D:11     | Noticed a two-headed ogre
  9976 | D:11     | Killed a two-headed ogre
 10031 | Abyss:2  | Found a corrupted altar of Lugonu.
 10031 | Abyss:2  | Cast into level 2 of the Abyss (skeletal warrior)
 10129 | Abyss:2  | Noticed a naga warrior
 10143 | Abyss:2  | Killed a naga warrior
 10277 | Abyss:2  | Reached skill level 5 in Shields
 10468 | Abyss:2  | Reached XP level 13. HP: 91/125 MP: 17/17
 10538 | Abyss:2  | Noticed a starcursed mass
 10548 | Abyss:2  | Noticed a starcursed mass
 10550 | Abyss:2  | Paralysed by accursed screaming for 1 turns
 10798 | Abyss:2  | Noticed a bone dragon
 10811 | Abyss:2  | Killed a bone dragon
 10814 | D:11     | Escaped the Abyss
 10820 | D:11     | Reached skill level 10 in Shields
 11342 | D:11     | Reached skill level 15 in Fighting
 12069 | D:12     | Identified the +7 great sword of Premature Burial {flame,
                  | *Noise rPois rCorr}
 12482 | D:12     | Reached skill level 15 in Axes
 12988 | D:12     | Identified the +6 long sword of Kismet {drain, *Noise rC++
                  | Int+2}
 13603 | D:12     | Reached XP level 14. HP: 115/136 MP: 19/19
 13821 | Lair:1   | Entered Level 1 of the Lair of Beasts
 14186 | Lair:1   | Noticed Erica
 14190 | Lair:1   | Killed Erica
 15134 | Lair:2   | Reached skill level 16 in Fighting
 15357 | Lair:2   | Found a hole to the Spider Nest.
 16393 | Lair:3   | Found a transporter.
 16394 | Lair:3   | Found a transporter.
 16502 | Lair:3   | Found a staircase to the Swamp.
 16931 | Lair:4   | Found a staircase to the Slime Pits.
 17044 | Lair:4   | Identified the +2 quarterstaff of Glory {freeze, rF+++ rN+
                  | Int+2 Dex-3}
 17639 | Lair:5   | Entered Level 5 of the Lair of Beasts
 17956 | Lair:5   | Reached XP level 15. HP: 146/146 MP: 21/21
 18099 | Lair:5   | Identified the +6 falchion of Greed {venom, rC+ rCorr Int-2
                  | Dex+3}
 18160 | Lair:5   | Reached skill level 17 in Fighting
 18674 | Lair:5   | Identified the maw talisman of Luinyned {Int+3 Dex+3
                  | Stlth+}
 18901 | Orc:1    | Entered Level 1 of the Orcish Mines
 18904 | Orc:1    | Paralysed by an orc sorcerer for 5 turns
 19039 | Orc:1    | Found a frozen archway.
 19054 | IceCv    | Entered an ice cave
 19607 | IceCv    | Found an ancient bone altar of Kikubaaqudgha.
 20003 | IceCv    | Identified the ring of Reimbursement {rF+ rN+ Stlth+}
 20242 | Orc:2    | Entered Level 2 of the Orcish Mines
 20263 | Orc:2    | Noticed Maurice
 20267 | Orc:2    | Killed Maurice
 20270 | Orc:2    | Found a staircase to the Elven Halls.
 20324 | Orc:2    | Found Nojapam's Antique Weapon Emporium.
 20369 | Orc:2    | Noticed Jorgrun
 20375 | Orc:2    | Killed Jorgrun
 20481 | Orc:2    | Found Gemyith's Jewellery Shop.
 20690 | Orc:2    | Found Vivuf's Firing Range.
 20864 | Orc:2    | Found Henefur's Antique Armour Boutique.
 20866 | Orc:2    | Found Jequ's Antique Weapon Shop.
 20982 | Orc:2    | Noticed Saint Roka
 20999 | Orc:2    | Killed Saint Roka
 21000 | Orc:2    | Reached skill level 10 in Invocations
 21360 | Orc:2    | Found Toqueca's Weapon Emporium.
 21503 | D:13     | Noticed Lodul
 21517 | D:13     | Killed Lodul
 21822 | D:13     | Noticed a tengu reaver
 21828 | D:13     | Killed a tengu reaver
 21829 | D:13     | Reached XP level 16. HP: 88/157 MP: 22/22
 21909 | D:13     | Noticed a sphinx
 21915 | D:13     | Killed a sphinx
 21916 | D:13     | Reached skill level 18 in Fighting
 21919 | D:13     | Noticed a sphinx
 21924 | D:13     | Killed a sphinx
 22451 | D:13     | Found a gate to the Vaults.
 23556 | D:14     | Found a glowing golden altar of the Shining One.
 23630 | D:15     | Entered Level 15 of the Dungeon
 23700 | D:15     | Found a shimmering altar of Xom.
 23726 | D:15     | Reached skill level 15 in Shields
 23835 | D:15     | Reached skill level 10 in Dodging
 23857 | D:15     | Found a staircase to the Depths.
 24581 | Swamp:1  | Entered Level 1 of the Swamp
 25153 | Orc:2    | Bought an embroidered hat for 266 gold pieces
 25154 | Orc:2    | Bought a pair of glowing boots for 285 gold pieces
 25315 | Swamp:1  | Reached skill level 19 in Fighting
 25316 | Swamp:1  | Noticed Josephine
 25324 | Swamp:1  | Killed Josephine
 25899 | Swamp:2  | Noticed a thorn hunter
 25908 | Swamp:2  | Killed a thorn hunter
 26004 | Swamp:2  | Reached XP level 17. HP: 71/168 MP: 24/24
 26609 | Swamp:4  | Entered Level 4 of the Swamp
 26616 | Swamp:4  | Noticed Donald
 26622 | Swamp:4  | Killed Donald
 27053 | Swamp:4  | Noticed the 27-headed Lernaean hydra
 27061 | Swamp:4  | Killed the 27-headed Lernaean hydra
 27062 | Swamp:4  | Reached skill level 20 in Fighting
 27072 | Swamp:4  | Got a decaying rune of Zot
 27359 | Swamp:4  | Reached skill level 15 in Armour
 27673 | Spider:1 | Entered Level 1 of the Spider Nest
 28137 | Spider:2 | Reached XP level 18. HP: 111/180 MP: 25/25
 28761 | Spider:2 | Identified a scroll of acquirement
 28762 | Spider:2 | Acquired 906 gold pieces
 28962 | Spider:4 | Entered Level 4 of the Spider Nest
 29080 | Spider:4 | Reached skill level 21 in Fighting
 30315 | Spider:4 | Got a gossamer rune of Zot
 30672 | Vaults:1 | Entered Level 1 of the Vaults
 30850 | Vaults:2 | Reached skill level 22 in Fighting
 30897 | Vaults:2 | Reached XP level 19. HP: 191/191 MP: 27/27
 30976 | Vaults:2 | Found a staircase to the Crypt.
 32066 | Vaults:4 | Reached skill level 23 in Fighting
 32443 | Vaults:5 | Entered Level 5 of the Vaults
 32492 | Vaults:5 | Identified the +9 shortbow of Callousness {heavy, rPois
                  | rC+}
 32509 | Vaults:5 | HP: 1/195 [yaktaur captain/arrow (37)]
 32543 | Vaults:5 | Reached XP level 20. HP: 28/204 MP: 20/28
 32579 | Vaults:5 | HP: 10/205 [vault guard/+0 glaive (4)]
 32582 | Vaults:5 | Slain by a tentacled monstrosity

Illustrated notes

Levels and vault maps discovered:
D:1:      enne_arrival_octagon_isle, layout_basic
D:2:      layout_basic, kennysheep_generic_room_4
D:3:      layout_rooms, kennysheep_slug_shrine, uniq_jessica, uniq_grinder,
          uniq_sigmund, uniq_crazy_yiuf_cottage
D:4:      layout_gridville, uniq_pikel, uniq_blork_the_orc, uniq_robin
D:5:      layout_loops_ring, uniq_ijyb, uniq_eustachio
D:6:      layout_cave_pools, temple_doors_e
D:7:      layout_rooms, guppyfry_early_elven_hall
D:8:      layout_loops_ring, bloody_makhleb, hellmonk_lair_entry_icy,
          kennysheep_generic_room_16, uniq_gastronok, uniq_grum
D:9:      nzn_winding_woodlands_large [nzn_winding_woodlands_5x5_cross,
          nzn_winding_woodlands_5x15_eye, nzn_winding_woodlands_5x5_open_star,
          nzn_winding_woodlands_center_diamonds,
          nzn_winding_woodlands_15x15_thick_spiral,
          nzn_winding_woodlands_center_lodge, nzn_winding_woodlands_hourglass,
          nzn_winding_woodlands_5x15_longhouse,
          nzn_winding_woodlands_5x5_perimeter], layout_loops_corners
D:10:     layout_roguey, david_orc_3
D:11:     layout_basic, serial_bayou, serial_bayou_pond_e, serial_bayou_shore_a,
          serial_bayou_pond_b, serial_bayou_pond_c, hangedman_decor_lopped,
          minmay_quadrilaterals
D:12:     minmay_strange_plus, layout_gridville, special_room
          [special_room_orc], minmay_orc_keep
D:13:     cross_vault, layout_gridville, hellmonk_vaults_attempted_burglary,
          chequers_decorated_corner, uniq_lodul
D:14:     layout_loops_ring, grunt_decor_junction, drop_trap,
          nicolae_tso_swordbearing_angel
D:15:     hangedman_depths_entry_civil_slaughter, layout_long_grid,
          xom_teletrap_fun
Lair:1:   layout_regular_city, minivault_19, dreamdust_mushroom_princess,
          minmay_hedge_maze, nicolae_lair_liquid_snakes, uniq_erica
Lair:2:   layout_layer_cave, spider_nest_entry_web_field,
          gauntlet_entry_generic, serial_bayou_shore_b
Lair:3:   gammafunk_boulding_lane, layout_regular_city, swamp_mist,
          patterned_corridor
Lair:4:   layout_roguey, minmay_slime_entry_jelly_boxes, serial_bayou_shore_b
Lair:5:   grunt_lair_end_beastmaster, layout_regular_city,
          chequers_serial_rivers_micro_a, nicolae_lair_lil_pond,
          nicolae_quartered_pool_super, grunt_forest_stairs_basic, worms_lemuel
Swamp:1:  layout_basic_swamp, nicolae_swamp_feature_on_the_river_bank,
          uniq_josephine
Swamp:2:  layout_basic_swamp, evilmike_swamp_ruin_house_4, swamp_pool_1_2,
          nicolae_swamp_bunyip_nook, infiniplex_staircase_pool
Swamp:3:  layout_falls_marsh, evilmike_swamp_ruin_house_3
Swamp:4:  swamp_vile, layout_basic_swamp, swamp_pool_1_2,
          nicolae_swamp_vermiculated, uniq_donald
Spider:1: nicolae_spider_corner, nicolae_spider_checkerboard,
          hangedman_spider_tarantella_strand
Spider:2: layout_spider_delve, hangedman_spider_trapstep
Spider:3: layout_spider_delve, nicolae_spider_wall_of_niches
Spider:4: spider_rune_water
Orc:1:    layout_caves, serial_shops, shop, portal_ice_cave_entry_pillars_2,
          regret_index_minedec_devilstone, minmay_orc_temple_a
Orc:2:    grunt_orc_community_town_hall, layout_diamond_mine,
          grunt_orc_community_big_house_2, grunt_orc_community_big_house_2,
          grunt_orc_community_house_1, grunt_orc_community_house_1,
          grunt_orc_community_house_3, grunt_orc_community_house_1,
          serial_shops, shop_statue, nicolae_shop_firing_range, uniq_saint_roka,
          uniq_jorgrun, uniq_maurice
Vaults:1: hangedman_vaults_slither, vaults_room_fancy_cross, vaults_mumra_lcd,
          v_misc_18, nicolae_vaults_diagonal_hallway_7, vaults_mumra_hexcomb,
          vaults_room_semicircle, nicolae_vaults_apartment_1,
          layout_vaults_big_room, nicolae_trove_entry_isolated
Vaults:2: lightli_enter_wizlab_magi_temple, minmay_crypt_entry_simple_plaza,
          nicolae_vaults_thirteen_compartments, v_rooms_4,
          vaults_standard_mumra_enter_the_diamond,
          nicolae_vaults_sesquioval_fish, nicolae_vaults_two_Ls, v_pattern_1,
          vaults_mumra_minichess, ontoclasm_vaults_idyll,
          nicolae_vaults_variable_pillar_hall, vaults_room_fours,
          layout_vaults_maze_snakey
Vaults:3: nicolae_vaults_wrenched, nicolae_vaults_angled_halls, v_misc_15,
          vaults_standard_mumra_lines, ontoclasm_vaults_bender, v_alt_pattern_5,
          v_misc_13, v_rooms_4, nicolae_vaults_yaktaur_gun_rack,
          vaults_room_hallway, nicolae_vaults_shelves_hall,
          nicolae_vaults_diamond_2, layout_vaults_big_cross, serial_shops,
          nicolae_diamond_shop, uniq_bai_suzhen
Vaults:4: biasface_ghost_orc_armoury, hangedman_vaults_pinch, v_misc_30,
          nicolae_vaults_asterisk, grunt_vaults_funnel,
          nicolae_vaults_storage_room_water, hangedman_vaults_maws,
          nicolae_vaults_stepped_doors, nicolae_vaults_murderbox,
          ontoclasm_vaults_gateway, nicolae_vaults_little_squares_5,
          layout_vaults_omnigrid, serial_glass
Vaults:5

Skill      XL: |  1  2  3  4  5  6  7  8  9 10 11 12 13 14 15 16 17 18 19 |
---------------+----------------------------------------------------------+-----
Axes           | 3 5 6 7 8 10 12 13 14 15 16 17 18 19 | 19.6
Fighting       | 4 5 6 8 9 10 12 13 14 15 16 17 19 20 22 23 | 23.6
Armour         | 4 5 6 8 9 10 11 12 13 14 15 16 17 | 17.6
Invocations    | 2 3 4 5 7 8 9 10 11 12 | 12.0
Dodging        | 2 5 6 7 8 9 10 11 13 14 | 14.4
Shields        | 7 11 12 14 16 17 18 | 18.2

Action                     |  1- 3 |  4- 6 |  7- 9 | 10-12 | 13-15 | 16-18 | 19-21 || total
---------------------------+-------+-------+-------+-------+-------+-------+-------++-------
  Melee: War axe           |    56 |    83 |   252 |   372 |   115 |       |       ||   878
         Headbutt          |     3 |     9 |    49 |    94 |   142 |   175 |    77 ||   549
         Broad axe         |       |       |       |       |   650 |   813 |   254 ||  1717
         Unarmed           |       |       |       |       |       |       |    16 ||    16
 Invoke: Slouch            |       |       |       |       |    11 |     9 |     7 ||    27
         Temporal Distorti |       |       |       |       |       |     1 |     3 ||     4
         Step From Time    |       |       |       |       |       |       |     3 ||     3
  Evoke: Tin of tremorston |       |       |       |       |       |     2 |       ||     2
         Sack of spiders   |       |       |       |       |       |       |     1 ||     1
    Use: Scroll            |       |     1 |     6 |     7 |    11 |     5 |     4 ||    34
         Potion            |       |     1 |     1 |    11 |     2 |     1 |    12 ||    28
   Stab: Sleeping          |       |       |       |       |       |     3 |       ||     3
         Confused          |       |       |       |       |       |     1 |       ||     1
         Held in net/web   |       |       |       |       |       |     1 |       ||     1
 Armour: Scale mail        |    34 |    55 |   238 |   305 |   376 |   240 |       ||  1248
         Chain mail        |       |       |       |       |    26 |       |       ||    26
         Plate armour      |       |       |       |       |       |   381 |   142 ||   523
         Skin              |       |       |       |       |       |       |     2 ||     2
  Dodge: Dodged            |    29 |    32 |   118 |   259 |   286 |   491 |   133 ||  1348
  Block: Buckler           |    10 |    20 |    75 |   125 |    20 |       |       ||   250
         Tower shield      |       |       |       |       |   810 |  1293 |   340 ||  2443

Table legend: (Time is in decaauts)
 A = Elapsed time spent in this place.
 B = Non-inter-level travel time spent in this place.
 C = Inter-level travel time spent in this place.
 D = Time resting spent in this place.
 E = Time spent auto-exploring this place.
 F = Levels seen in this place.
 G = Mean time per level.
                   A        B        C        D        E       F      G
               +--------+--------+--------+--------+--------+-----+--------+
         Total |  47809 |  43996 |   3813 |   5664 |  30875 |  37 | 1292.1 |
       Dungeon |  22998 |  21382 |   1616 |   2658 |  15782 |  15 | 1533.2 |
          Lair |   9689 |   8488 |   1201 |    258 |   7217 |   5 | 1937.8 |
         Swamp |   3625 |   3355 |    270 |    760 |   1813 |   4 |  906.2 |
   Spider Nest |   4332 |   3935 |    397 |    180 |   2651 |   4 | 1083.0 |
  Orcish Mines |   2417 |   2245 |    172 |    193 |   1584 |   2 | 1208.5 |
        Vaults |   2565 |   2411 |    154 |    694 |   1114 |   5 |  513.0 |
         Abyss |    832 |    832 |      0 |    413 |    204 |   1 |  832.0 |
      Ice Cave |   1347 |   1347 |      0 |    507 |    510 |   1 | 1347.0 |
               +--------+--------+--------+--------+--------+-----+--------+

Top non-repeatable levels by time:
     D:9: 2967 daAuts
    D:13: 2674 daAuts
    D:12: 2399 daAuts
  Lair:1: 2121 daAuts
Spider:4: 2071 daAuts
  Lair:5: 2068 daAuts
    D:11: 2019 daAuts
     D:8: 2000 daAuts
  Lair:2: 1974 daAuts
   Orc:2: 1918 daAuts
  Lair:3: 1819 daAuts
  Lair:4: 1705 daAuts
     D:7: 1399 daAuts
    D:15: 1377 daAuts
     D:4: 1358 daAuts
